Map: Ultralove

Players

FlaSh

  • Race: Terran Terran
  • League: Diamond
  • Spawn Location: 7:00

NlGGERDlCK - Winner!

  • Race: Protoss Protoss
  • Spawn Location: 1:00

VOD

Have the link to the VOD?

Description

Hey guys, map hacker made himself very obvious, here is the replay.
You can see the moment I dropped my rax he took a probe which was originally going one direction and immediately a-moved right to the spot my rax was dropped.

Oh, his name and speech check-out too.

Time

  • Played on: April 4, 2025, 6:21 p.m.
  • Length: 8:14
Show
View Real Time Build Order
Export as new Build Order

FlaSh Terran 

Build Orders: Reaper Expand 

Get SALT Encoding   

  12  0:00  SCV  
  13  0:12  SCV  
  14  0:17  Supply Depot  
  14  0:24  SCV  
  15  0:40  Barracks  
  15  0:42  Refinery  
  15  0:55  Barracks  
  15  0:59  SCV  
  16  1:11  SCV  
  17  1:27  SCV  
  17  1:29  Barracks Reactor  
  18  1:42  Command Center  
  18  1:57  Orbital Command  
  18  2:06  Reaper  
  19  2:10  Marine  
  20  2:22  Supply Depot  
  20  2:29  Bunker  
  20  2:33  SCV  
  21  2:41  Marine  
  21  2:42  Marine  
  23  2:48  SCV  
  24  2:55  Orbital Command  
  23  3:06  Marine x2  
  24  3:17  Refinery, SCV  
  24  3:19  Factory  
  25  3:23  SCV  
  26  3:29  SCV  
  27  3:35  SCV  
  27  3:36  Marine x2  
  27  3:41  SCV  
  31  3:47  SCV  
  32  3:53  SCV  
  33  3:58  Marine x2  
  33  4:00  SCV  
  36  4:03  Starport  
  36  4:05  SCV  
  37  4:10  Factory Reactor  
  37  4:12  SCV  
  37  4:15  Supply Depot  
  37  4:16  Marine x2  
  40  4:17  SCV  
  41  4:29  SCV x2  
  43  4:37  Marine x2  
  44  4:44  Command Center  
  43  4:47  Viking  
  44  4:53  SCV x2  
  46  5:00  Engineering Bay x2  
  46  5:01  Widow Mine x2  
  46  5:03  Marine x2  
  46  5:06  SCV x2  
  54  5:16  Barracks  
  54  5:18  Barracks  
  54  5:21  Starport Tech Lab  
  54  5:35  Terran Infantry Armor Level 1, Terran Infantry Weapons Level 1  
  54  5:49  SCV x2  
  54  5:53  Marine  
  54  6:04  Supply Depot  
  54  6:09  SCV  
  54  6:11  Marine  
  54  6:12  Marine  
  54  6:13  SCV  
  54  6:15  Marine  
  54  6:18  Marine  
  54  6:26  Siege Tank, Medivac  
  54  6:30  Barracks  
  54  6:31  Barracks Tech Lab  
  59  6:34  Barracks Tech Lab  
  59  6:35  Barracks  
  59  6:39  Missile Turret  
  59  6:41  Refinery, Marine x2  
  59  6:43  Refinery  
  59  6:45  Missile Turret  
  59  6:47  Orbital Command  
  61  6:52  SCV x2  
  61  6:54  Combat Shield  
  63  6:58  Siege Tank  
  63  7:00  Armory  
  66  7:04  Medivac, SCV  
  66  7:08  Marine x3  
  72  7:14  Marine  
  70  7:25  Marine  
  70  7:26  Marine x2  
  70  7:27  SCV x3  
  76  7:32  Marine, Barracks Tech Lab  
  77  7:43  Medivac  
  82  7:48  Marine x2  
  84  7:52  SCV  
  84  7:53  Ghost Academy  
  84  7:55  Barracks Reactor  
  85  8:00  Supply Depot  
Show
View Real Time Build Order
Export as new Build Order

NlGGERDlCK Protoss - Winner!

Build Orders: Phoenix Opening 

Get SALT Encoding   

  12  0:00  Probe  
  13  0:12  Probe  
  14  0:18  Pylon  
  14  0:25  Probe  
  15  0:33  Probe  
  15  0:37  Gateway  
  15  0:41  Probe  
  16  0:49  Assimilator  
  17  0:52  Probe  
  19  1:04  Probe  
  19  1:13  Probe  
  20  1:25  Probe  
  20  1:26  Cybernetics Core  
  23  1:36  Pylon  
  23  1:42  Probe  
  22  1:48  Nexus  
  22  1:53  Assimilator  
  22  1:57  Probe, Adept  
  25  2:11  Probe  
  26  2:21  Stargate  
  26  2:27  Adept, Probe  
  29  2:34  Warp Gate  
  29  2:38  Pylon  
  29  2:43  Probe  
  30  2:55  Probe  
  31  3:04  Phoenix, Probe  
  32  3:09  Probe  
  33  3:15  Probe  
  33  3:18  Twilight Council  
  33  3:19  Gateway  
  34  3:21  Probe  
  34  3:24  Probe  
  35  3:32  Phoenix  
  35  3:33  Probe  
  39  3:35  Probe  
  39  3:41  Gateway  
  40  3:45  Probe  
  40  3:48  Probe  
  42  3:57  Phoenix, Probe x2, Charge  
  46  4:05  Probe  
  46  4:07  Pylon  
  46  4:09  Probe  
  48  4:14  Probe  
  48  4:19  Pylon  
  48  4:21  Probe  
  50  4:24  Adept  
  50  4:26  Probe  
  50  4:30  Phoenix  
  53  4:38  Nexus  
  55  4:39  Probe  
  56  4:48  Probe  
  56  4:49  Zealot x2  
  56  4:51  Probe  
  56  4:52  Zealot  
  64  5:00  Phoenix  
  64  5:07  Pylon  
  64  5:09  Probe x2  
  64  5:13  Pylon  
  66  5:14  Zealot x2  
  70  5:25  Probe  
  71  5:29  Gateway  
  71  5:30  Gateway, Phoenix  
  71  5:32  Zealot  
  73  5:36  Gateway  
  73  5:40  Probe x2  
  77  5:53  Phoenix  
  77  5:54  Probe x2  
  77  5:55  Probe  
  82  6:00  Zealot  
  82  6:01  Zealot x2  
  88  6:05  Pylon  
  76  6:21  Phoenix  
  76  6:25  Forge, Zealot x2  
  76  6:26  Zealot x2  
  76  6:27  Zealot  
  76  6:28  Forge  
  76  6:30  Robotics Facility  
  76  6:32  Pylon  
  86  6:33  Zealot  
  88  6:43  Nexus  
  88  6:45  Probe x3  
  91  6:51  Pylon  
  91  6:55  Zealot x2  
  91  7:01  Probe x2  
  97  7:16  Zealot x5  
  97  7:17  Probe, Zealot  
  97  7:18  Pylon  
  97  7:19  Observer  
  111  7:25  Gateway  
  111  7:29  Probe x2, Pylon  
  113  7:30  Gateway  
  113  7:37  Zealot x2  
  113  7:38  Zealot x2  
  113  7:44  Zealot x2  
  125  7:46  Pylon  
  125  7:49  Pylon  
  125  7:52  Observer  
  126  8:01  Zealot x2  
  126  8:02  Zealot x2  
  134  8:07  Zealot x2  
Tags
 
Add a new tag
Caveats
  • Supply blocks, unpowered buildings, or Contaminate may cause inaccurate times.
  • Supply counts are checked every 10 seconds.